 Dungeon Crawl Stone Soup version 0.21.0-3-g78d12a8bdd (webtiles) character file.

395 GreyFruit the Shield-Bearer (level 6, 0/56 HPs)
             Began as a Deep Dwarf Fighter on Jan 17, 2018.
             Was an Initiate of Ru.
             Slain by a sky beast (1 damage)
             ... on level 4 of the Dungeon.
             The game lasted 00:18:05 (2313 turns).

GreyFruit the Shield-Bearer (Deep Dwarf Fighter)    Turns: 2313, Time: 00:18:06

Health: 0/56       AC:  8    Str: 22    XL:     6   Next: 52%
Magic:  6/6        EV:  4    Int:  8    God:    Ru [......]
Gold:   126        SH: 10    Dex: 12    Spells: 5/5 levels left

rFire    . . .     SeeInvis .   f - +0 long sword
rCold    . . .     Gourm    .   c - +0 shield
rNeg     . . .     Faith    .   q - +0 ring mail
rPois    .         Spirit   .   o - +1 helmet
rElec    .         Reflect  .   (no cloak)
rCorr    .         Harm     .   (no gloves)
MR       .....                  (no boots)
Stlth    +.........             (no amulet)
HPRegen  0.00/turn              g - -5 ring of evasion (curse)
MPRegen  0.10/turn              (no ring)

@: non-regenerating
A: damage resistance, heal wounds, sense surroundings 1, no regeneration
a: Heal Wounds, Renounce Religion


You were on level 4 of the Dungeon.
You worshipped Ru.
Ru was noncommittal.
You were not hungry.

You visited 1 branch of the dungeon, and saw 5 of its levels.

You collected 126 gold pieces.

Inventory:

Hand Weapons
 b - a +0 giant club
 f - a +0 long sword (weapon)
 k - a +0 club
 m - a -1 dagger
Missiles
 a - 13 stones (quivered)
 e - 50 bolts
 h - 3 javelins
 j - 20 poisoned needles
 l - 10 arrows
Armour
 c - a +0 shield (worn)
 o - a +1 helmet (worn)
 q - a +0 ring mail (worn)
Jewellery
 g - a cursed -5 ring of evasion (left hand)
Potions
 d - a potion of might


   Skills:
 + Level 3.5 Fighting
 + Level 0.5(2.4) Short Blades
 + Level 4.2(4.3) Long Blades
 + Level 1.1 Throwing
 + Level 4.3 Armour
 + Level 1.6 Dodging
 + Level 1.1 Stealth
 + Level 4.6 Shields


You had 5 spell levels left.
You didn't know any spells.

Dungeon Overview and Level Annotations

Branches:
Dungeon (5/15)
 Temple: D:4-7

Altars:
Ru
Trog

Shops:
D:4 *

Annotations:
D:4 Roak's ghost, novice DrMo


Innate Abilities, Weirdness & Mutations

You are resistant to damage.
You can heal yourself by infusing magical energy.
You passively map a small area around you.
You do not regenerate.


Message History

The sky beast flickers out of sight!
Something hits you but does no damage.
Roak's ghost hits you but does no damage.
You slash something! Something hits you but does no damage.
Roak's ghost hits you but does no damage.
Something hits you.
* * * LOW HITPOINT WARNING * * *
Something shocks you.
* * * LOW HITPOINT WARNING * * *
You hit Roak's ghost.
Roak's ghost is lightly damaged.
Roak's ghost hits you.
* * * LOW HITPOINT WARNING * * *
Something hits you. Something shocks you.
* * * LOW HITPOINT WARNING * * *
Roak's ghost barely misses you.
Unknown command.
You hit Roak's ghost.
Roak's ghost is lightly damaged.
Something hits you.
You die...

,*.. #.# #.###.........# #..#
#. #.# #..##.#..#...... #..#
*#.##.###..#.....##.....###..#
,,
#...........................#
##.###........#....#.#.
...####.# ...................#
* . * #.# ##.###..####..##.###
* , #.# ...###..####..##{# *,*
#.# *#..>)........##@# * #.#
#.###..#####.##W# #.# # #..#
#....# * #.# #..# ,#### * #.#
#..# , ..######.# ...# *
.......<.# *##.# *.#########
.# * ,


You could see Roak's ghost.

Vanquished Creatures
  3 ogres (D:4)
  A howler monkey (D:4)
  2 orc priests (D:4)
  An adder (D:3)
  2 adder skeletons
  2 leopard geckos
  3 orcs (D:4)
  2 giant cockroaches (D:3)
  2 goblins (D:1)
  4 hobgoblins (D:1)
  2 jackals (D:1)
  A kobold (D:3)
  2 quokkas
  2 bats (D:1)
  3 rats
32 creatures vanquished.

Notes
Turn   | Place    | Note
-------+----------+-------------------------------------------
     0 | D:1      | GreyFruit the Deep Dwarf Fighter began the quest for the Orb.
     0 | D:1      | Reached XP level 1. HP: 20/20 MP: 1/1
    66 | D:1      | Reached XP level 2. HP: 21/27 MP: 2/2
   161 | D:1      | You fall through a shaft!
   161 | D:2      | Found a faded altar of an unknown god.
   439 | D:3      | Reached XP level 3. HP: 10/34 MP: 3/3
   921 | D:3      | Found a sacrificial altar of Ru.
   943 | D:3      | Became a worshipper of Ru the Awakened
  1266 | D:4      | Noticed an ogre
  1268 | D:4      | Noticed Roak's ghost (novice DrMo)
  1277 | D:4      | Killed an ogre
  1277 | D:4      | Reached skill level 1 in Dodging
  1277 | D:4      | Reached XP level 4. HP: 22/42 MP: 4/4
  1278 | D:4      | Noticed a sky beast
  1285 | D:4      | Reached XP level 5. HP: 26/49 MP: 5/5
  1286 | D:4      | Noticed an ogre
  1599 | D:4      | Noticed an ogre
  1610 | D:4      | Killed an ogre
  1610 | D:4      | Reached skill level 1 in Stealth
  1636 | D:4      | Found Fuled's General Store.
  1664 | D:5      | Entered Level 5 of the Dungeon
  1706 | D:5      | Found a bloodstained altar of Trog.
  1752 | D:4      | Killed an ogre
  1752 | D:4      | Reached XP level 6. HP: 36/56 MP: 6/6
  1758 | D:4      | Reached skill level 1 in Throwing
  2312 | D:4      | HP: 1/56 [something (3)]
  2313 | D:4      | Slain by a sky beast

Skill      XL: |  1  2  3  4  5  6 |
---------------+-------------------+-----
Fighting       | 3 |  3.5
Dodging        | 1 |  1.6
Shields        | 4 |  4.6
Long Blades    | 3 4 |  4.2
Armour         | 4 |  4.3
Stealth        | 1 |  1.1
Throwing       | 1 |  1.1
Short Blades   | |  0.5

Action                   |  1- 3 |  4- 6 || total
-------------------------+-------+-------++-------
Melee: Long sword        |    38 |    50 ||    88
       Dagger            |    99 |       ||    99
Throw: Stone             |     7 |    14 ||    21
 Abil: Heal Wounds       |       |     1 ||     1
  Use: Scroll            |     3 |       ||     3
       Potion            |     2 |     5 ||     7
  Eat: Ration            |     2 |       ||     2
Armor: Scale mail        |    59 |       ||    59
       Ring mail         |     4 |    18 ||    22
Dodge: Dodged            |    43 |     8 ||    51
Block: Shield            |    60 |    21 ||    81
       Rpst.: Long sword |    10 |     3 ||    13
